 Dungeon Crawl Stone Soup version 0.26-a0-651-gb41185065b (webtiles) character file.

Game seed: 17388945272845940712

115 Kaletam the Gusty (level 4, -1/33 HPs)
             Began as a Draconian Air Elementalist on Sept 30, 2020.
             Slain by Grinder (6 damage)
             ... on level 3 of the Dungeon.
             The game lasted 00:10:12 (3419 turns).

Kaletam the Gusty (Draconian Air Elementalist)      Turns: 3419, Time: 00:10:13

Health: -1/33      AC:  5    Str: 10    XL:     4   Next: 68%
Magic:  2/8        EV: 12    Int: 16    God:
Gold:   93         SH:  0    Dex: 12    Spells: 8/9 levels left

rFire    . . .     SeeInvis .   i - +0 short sword (venom)
rCold    . . .     Faith    .   (no shield)
rNeg     . . .     Spirit   .   (armour unavailable)
rPois    .         Reflect  .   (helmet restricted)
rElec    .         Harm     .   (no cloak)
rCorr    .         Rampage  .   (no gloves)
MR       .....                  (no boots)
Stlth    ++........             (no amulet)
HPRegen  0.11/turn              (no ring)
MPRegen  0.11/turn              (no ring)

@: stab, flying
A: unfitting armour, cold-blooded, AC +5
a: no special abilities


You were on level 3 of the Dungeon.
You visited 1 branch of the dungeon, and saw 3 of its levels.

You collected 93 gold pieces.

Inventory:

Hand Weapons
 d - a +0 dagger
 g - a +0 dagger of electrocution
 i - a +0 short sword of venom (weapon)
 r - a +1 whip of venom
Missiles
 a - 18 arrows
 j - 6 silver javelins (quivered)
Armour
 t - a +0 cloak
Jewellery
 s - an uncursed ring of positive energy {unknown}
Scrolls
 b - 2 scrolls of amnesia {unknown}
 f - a scroll of remove curse {unknown}
 h - a scroll of fear {unknown}
 l - a scroll of blinking {unknown}
 m - a scroll of identify {unknown}
 p - a scroll of random uselessness {unknown}
Potions
 c - a potion of flight
 k - a potion of cancellation {unknown}
 n - a potion of resistance {unknown}
 o - a potion of curing {unknown}
 q - a potion of berserk rage {unknown}


   Skills:
 + Level 0.1 Fighting
 + Level 1.9 Dodging
 + Level 2.0 Stealth
 * Level 3.2 Spellcasting
 + Level 1.8 Conjurations
 * Level 4.1 Air Magic


You had 8 spell levels left.
You knew the following spells:

 Your Spells              Type           Power        Failure   Level
a - Shock                 Conj/Air       ##..         5%          1

Your spell library contained the following spells:

 Spells                   Type           Power        Failure   Level
 Swiftness                Air            ###.....     4%          2
 Static Discharge         Conj/Air       ##......     16%         3
 Airstrike                Air            ###.......   32%         4
 Lightning Bolt           Conj/Air       ##........   83%         5


Dungeon Overview and Level Annotations

Branches:
Dungeon (3/15)

Altars:

Annotations:
D:3 Grinder


Innate Abilities, Weirdness & Mutations

Your plain brown scales are hard. (AC +5)
You cannot fit into any form of body armour.
You are cold-blooded and may be slowed by cold attacks.


Message History

Aiming: Shock (safe; 5% risk of failure)
Press: ? - help, Shift-Dir - straight line, f/p - Grinder
Aim: Grinder (heavily wounded)
The zap hits Grinder.
Grinder is heavily wounded.
The zap hits Grinder.
Grinder is heavily wounded.
Grinder gestures at you. Pain shoots through your body!
* * * LOW HITPOINT WARNING * * *
It was a potion of flight.
You feel very buoyant.
You fly up into the air.
Grinder gestures at you. Pain shoots through your body!
* * * LOW HITPOINT WARNING * * *
It was a potion of stabbing.
You feel ready to backstab. Grinder hits you.
You die...

#..###...........#
.........##........
## .#
.####.##.......#
... #.##.#...#..
... #.#.##....#.#.#
#...# ##.###..
###.## #.#.#
####.## ##.#
#.@5..###..#
#.####(..#.# #.
#####.# #. .. #.
..# #. ... .. #.##
.# (.


You could see Grinder.

Vanquished Creatures
  2 adders
  6 worms (D:2)
  3 dart slugs (D:2)
  3 leopard geckos
  A ball python (D:3)
  8 bats
  A giant cockroach (D:2)
  8 goblins
  7 hobgoblins
  11 jackals
  6 kobolds
  A quokka (D:2)
  3 frilled lizards
  3 rats
63 creatures vanquished.

Notes
Turn   | Place    | Note
-------+----------+-------------------------------------------
     0 | D:1      | Kaletam the Draconian Air Elementalist began the quest for
                  | the Orb.
     0 | D:1      | Reached XP level 1. HP: 14/14 MP: 3/3
   286 | D:1      | Reached XP level 2. HP: 20/20 MP: 0/5
   944 | D:1      | Reached XP level 3. HP: 22/26 MP: 1/6
  2192 | D:2      | Reached XP level 4. HP: 29/33 MP: 0/8
  2486 | D:2      | Found a faded altar of an unknown god.
  2852 | D:2      | Reached skill level 4 in Air Magic
  3403 | D:3      | Noticed Grinder
  3419 | D:3      | Slain by Grinder

Illustrated notes

Levels and vault maps discovered:
D:1:      scummos_arrival_simple_crosswalls, layout_basic,
          minmay_misc_feat_plants
D:2:      wad_crossroads, layout_basic, chequers_ecumenical_altar_lobes,
          minmay_box_of_dots
D:3:      layout_loops_ring, chequers_temple_overflow_statue_of_worship,
          uniq_grinder

Skill      XL: |  1  2  3  4 |
---------------+-------------+-----
Stealth        | 2 |  2.0
Spellcasting   | 3 |  3.2
Air Magic      | 4 |  4.1
Fighting       | |  0.1
Dodging        | |  1.9
Conjurations   | |  1.8

Action                   |  1- 3 |  4- 6 || total
-------------------------+-------+-------++-------
Melee: Unarmed           |    14 |       ||    14
       Short sword       |    23 |    20 ||    43
       Dagger            |     6 |       ||     6
       Tailslap          |     2 |     4 ||     6
Throw: Javelin           |     1 |       ||     1
 Cast: Shock             |    96 |    53 ||   149
  Use: Potion            |       |     2 ||     2
Armor: Skin              |    24 |     5 ||    29
Dodge: Dodged            |    43 |    26 ||    69

Table legend: (Time is in decaauts)
 A = Elapsed time spent in this place.
 B = Non-inter-level travel time spent in this place.
 C = Inter-level travel time spent in this place.
 D = Time resting spent in this place.
 E = Time spent auto-exploring this place.
 F = Levels seen in this place.
 G = Mean time per level.
                   A        B        C        D        E       F      G
               +--------+--------+--------+--------+--------+-----+--------+
         Total |   3421 |   3357 |     64 |    992 |   1871 |   3 | 1140.3 |
       Dungeon |   3421 |   3357 |     64 |    992 |   1871 |   3 | 1140.3 |
               +--------+--------+--------+--------+--------+-----+--------+

Top non-repeatable levels by time:
     D:2: 1971 daAuts
     D:1: 1332 daAuts
     D:3: 118 daAuts
